 Dungeon Crawl Stone Soup version 0.28-a0-938-gbc3f381ebc (webtiles) character file.

Game seed: 2683923914662896633

50952 Conn the Arsonist (level 14, -1/126 HPs)
             Began as an Octopode Fire Elementalist on Nov 28, 2021.
             Was an Elder of Sif Muna.
             Slain by a naga warrior (15 damage)
             ... on level 1 of the Snake Pit on Nov 29, 2021.
             The game lasted 01:34:37 (22379 turns).

Conn the Arsonist (Octopode Fire Elementalist)     Turns: 22379, Time: 01:34:38

Health: -1/126     AC: 35    Str:  7    XL:     14   Next: 57%
Magic:  13/29      EV: -1    Int: 23    God:    Sif Muna [****..]
Gold:   924        SH:  0    Dex: 18    Spells: 6/36 levels left

rFire   . . .      SeeInvis .   b - staff of conjuration
rCold   . . .      Faith    .   (no shield)
rNeg    . . .      Spirit   .   (helmet currently unavailable)
rPois   +          Reflect  .   H - amulet of regeneration
rElec   .          Harm     .   e - ring of flight
rCorr   .          Rampage  .   n - +4 ring of protection
Will    +++..      NoTele   +   o - ring of poison resistance
Stlth   ++++......              q - ring of willpower
HPRegen 1.11/turn               E - +6 ring of dexterity
MPRegen 0.21/turn               y - ring of willpower
                                P - +4 ring of protection
                                (no ring)

@: tree-form, constricted
A: stationary, stasis, torment immunity, boosted hp, almost no armour,
(amphibious), 8 rings, (camouflage 1), (gelatinous body 1), (nimble swimmer 1),
(tentacles), passive freeze, sense surroundings 1, wild magic 1, noise
suppression
a: Renounce Religion, Channel Magic, Forget Spell, Divine Exegesis


You were on level 1 of the Snake Pit.
You worshipped Sif Muna.
Sif Muna was greatly pleased with you.
You were a tree.
You visited 5 branches of the dungeon, and saw 19 of its levels.
You also visited: Ice Cave.

You collected 1185 gold pieces.
You spent 261 gold pieces at shops.

Inventory:

Hand Weapons
 a - the +6 rapier "Foddirgh" {vorpal, rPois Int+4}
   (You bought it in a shop on level 2 of the Dungeon)

   It inflicts extra damage upon your enemies.
   Int:       It affects your intelligence (+4).
   rPois:     It protects you from poison.
 r - a +1 vorpal hunting sling
 I - a +4 short sword of freezing
Missiles
 g - 294 stones
 h - 118 sling bullets
 p - 32 poisoned darts
 B - 7 curare-tipped darts (quivered)
 G - a throwing net
Armour
 N - a +0 hat (melded)
Magical Staves
 b - a staff of conjuration (weapon)
 D - a staff of air
Jewellery
 e - a ring of flight (left branch)
 n - a +4 ring of protection (right branch)
 o - a ring of poison resistance (on tentacle)
 q - a ring of willpower (on tentacle)
 y - a ring of willpower (on tentacle)
 E - a +6 ring of dexterity (on tentacle)
 H - an amulet of regeneration (around neck)
 P - a +4 ring of protection (on tentacle)
Wands
 v - a wand of flame (47)
 K - a wand of acid (12)
 M - a wand of iceblast (18)
 O - a wand of charming (10)
Scrolls
 c - 3 scrolls of brand weapon
 i - a scroll of vulnerability
 k - 4 scrolls of magic mapping
 m - 2 scrolls of immolation
 t - a scroll of enchant weapon
 w - a scroll of enchant armour
 x - 2 scrolls of blinking
 z - 2 scrolls of amnesia
 A - a scroll of teleportation
 F - 4 scrolls of fog
 L - 4 scrolls of identify
Potions
 d - a potion of might
 f - 4 potions of curing
 j - 3 potions of mutation
 l - a potion of haste
 s - 2 potions of lignification
 u - a potion of attraction
 C - a potion of cancellation
 J - a potion of ambrosia


   Skills:
 + Level 3.7 Fighting
 + Level 2.6 Short Blades
 + Level 0.6 Staves
 + Level 2.9 Slings
 + Level 4.6 Dodging
 + Level 7.4 Stealth
 + Level 11.7 Spellcasting
 * Level 11.3 Conjurations
 + Level 3.9 Hexes
 + Level 5.1 Summonings
 * Level 1.7 Translocations
 * Level 13.3 Fire Magic
 * Level 4.4 Earth Magic
 - Level 7.3 Invocations
 + Level 0.1 Evocations


You had 6 spell levels left.
You knew the following spells:

 Your Spells              Type           Power      Damage    Failure   Level
a - Foxfire               Conj/Fire      100%       2x1d9     1%          1
b - Conjure Flame         Conj/Fire      95%        6-21      1%          3
c - Inner Flame           Hex/Fire       62%        N/A       1%          3
d - Flame Wave            Conj/Fire      95%        2d13      1%          4
e - Scorch                Fire           100%       2d10      1%          2
f - Summon Guardian Gole  Hex/Summ       44%        N/A       4%          3
g - Call Canine Familiar  Summ           48%        N/A       3%          3
h - Summon Small Mammal   Summ           100%       N/A       1%          1
i - Iron Shot             Conj/Erth      39%        9d8       36%         6
j - Iskenderun's Mystic   Conj/Tloc      71%        2d14      5%          4

Your spell library contained the following spells:

 Spells                   Type           Power      Damage    Failure   Level
 Shock                    Conj/Air       100%       1d9       1%          1
 Beastly Appendage        Tmut           34%        N/A       8%          1
 Sublimation of Blood     Necr           17%        N/A       11%         2
 Wereblood                Tmut           17%        N/A       11%         2
 Cause Fear               Hex            20%        N/A       14%         4
 Irradiate                Conj/Tmut      33%        3d25      19%         5
 Summon Mana Viper        Hex/Summ       44%        N/A       28%         5
 Passage of Golubria      Tloc           27%        N/A       30%         4
 Olgreb's Toxic Radiance  Pois           17%        N/A       52%         4
 Manifold Assault         Tloc           27%        N/A       63%         5
 Blade Hands              Tmut           8%         N/A       85%         5
 Statue Form              Tmut/Erth      20%        N/A       98%         6
 Ignition                 Fire           38%        3d11      85%         8
 Dragon Form              Tmut           8%         N/A       100%        7
 Haunt                    Necr/Summ      16%        N/A       100%        7
 Malign Gateway           Summ/Tloc      19%        N/A       100%        7
 Ozocubu's Refrigeration  Ice            8%         4d6       100%        7
 Borgnjor's Revivificati  Necr           8%         N/A       100%        8
 Discord                  Hex            20%        N/A       100%        8
 Infestation              Necr           8%         N/A       100%        8
 Animate Armour           Summ/Erth      Unusable   N/A       N/A         4

Dungeon Overview and Level Annotations

Branches:
Dungeon (9/15)             Temple (1/1) D:7            Lair (6/6) D:8
 Shoals (0/4) Lair:2        Snake (1/4) Lair:3        Slime (0/5) Lair:5
    Orc (2/2) D:9           IceCv (visited)
    Elf: Orc:2

Altars:
Dithmenos
Makhleb
Nemelex Xobeh
Sif Muna
Uskayaw
Wu Jian
Xom
Zin
Beogh
Jiyva

Shops:
D:2 (   D:7 [??[(   D:9 [

Annotations:
D:4 Eustachio
D:8 2 transporters
Orc:2 Saint Roka


Innate Abilities, Weirdness & Mutations

You are a tree.
Your roots penetrate the ground, keeping you stationary.
You cannot be teleported.
You are immune to unholy pain and torment.
Your maximum health is greatly increased.
You cannot wear most types of armour.
((You are amphibious.))
You can wear up to eight rings at the same time.
((Your skin changes colour to match your surroundings (Stealth+).))
((Your rubbery body absorbs attacks. (AC +1, EV +1)))
((You are camouflaged near water. (Stealth+)))
((You have tentacles for arms and can constrict up to eight enemies at once.))
A frigid envelope surrounds you and freezes all who hurt you.
You passively map a small area around you.
Your spells are a little harder to cast, but a little more powerful.
You passively dampen the noise of your surroundings.


Message History

You resist.
The naga warrior hits you with a +0 war axe!!!
* * * LOW HITPOINT WARNING * * *
The naga warrior is very cold.
The naga warrior is moderately wounded.
The naga warrior constricts you.
Unknown command.
Okay, then.
Unknown command.
Unknown command.
Unknown command.
Aiming: Charm
Press: ? - help, Shift-Dir - straight line, f - guardian serpent
Aim: a guardian serpent (moderately wounded, ally target, chance to affect: 15%)
Okay, then.
Unknown command.
Unknown command.
Okay, then.
Okay, then.
Unknown command.
Unknown command.
Unknown command.
Unknown command.
Okay, then.
Unknown command.
Unknown command.
Casting: Iskenderun's Mystic Blast (mildly dangerous; 5% risk of failure)
Confirm with . or Enter, or press ? or * to list all spells.
Okay, then.
Okay, then.
You feel better.
The guardian serpent casts a spell at you.
The bolt of poison hits the naga warrior!
The bolt of poison hits you but does no damage.
You resist. The naga warrior spits poison at you.
The splash of poison hits you but does no damage.
You resist.
The naga warrior hits you with a +0 war axe!
You die...

* ##########.....# #.#
#.#### #.......##.....#
#.######.# #.......##.....#
#...#....#
##........)..########.#.####
...................).><#.#
#########.####.##.#...#.#.#
..N.............#.#...#.#.#
##...####.#######.#...#.#.#
........§...9.SN♣.#...#.#.#
##......#.####.N#.#...#.#.#
#......#.# ##.#.........#
#......#.#
#.####..###########
#........#####.###......#
#.....
#....###.#......##...##.#
#.####
####.....#......##...##.#
#.#
#####.#......##...##.###.# ,
, ,#.#.......#...##.....#


You could see 2 naga warriors, a guardian serpent (ally target) and a friendly
guardian golem (summoned, inner flame).

Vanquished Creatures
  Snorg (Orc:1)
  3 hydras
  2 anacondas (Snake:1)
  A catoblepas (Lair:4)
  3 two-headed ogres
  8 death yaks
  Urug (Lair:5)
  An orc knight (Orc:1)
  3 orc sorcerers
  A salamander (Snake:1)
  5 elephants
  A naga mage (Snake:1)
  A torpor snail (Lair:2)
  10 cane toads
  10 black mambas
  7 komodo dragons
  2 trolls (Orc:1)
  A polar bear (Lair:6)
  A wind drake (Lair:2)
  Prince Ribbit (D:5)
  6 dream sheep
  21 blink frogs
  45 yaks
  A wraith (D:9)
  6 wyverns
  2 spriggans (Lair:3)
  A steam dragon (D:9)
  5 basilisks
  A warg (Orc:2)
  4 nagas
  An acid dragon (D:9)
  13 water moccasins
  3 small abominations (Lair:6)
  13 orc warriors
  2 ice beasts
  2 sky beasts (D:5)
  A black bear (D:5)
  4 ogres
  A necrophage (D:5)
  21 wolves
  2 centaurs
  A phantom (D:6)
  2 kobold brigands
  10 bullfrogs
  A gnoll sergeant (D:8)
  3 scorpions
  24 wights
  3 killer bees (D:9)
  5 electric eels
  7 howler monkeys
  A centaur zombie (D:6)
  Crazy Yiuf (D:4)
  A gnoll shaman (D:6)
  7 hounds
  8 orc priests
  A bullfrog skeleton (D:5)
  4 iguanas
  11 orc wizards
  A scorpion zombie (D:5)
  2 hell rats (D:8)
  A hound zombie (D:5)
  2 howler monkey zombies
  9 gnolls
  7 adders
  A howler monkey skeleton (D:5)
  A river rat (D:8)
  A white imp (D:8)
  2 ufetubi
  An adder zombie (D:5)
  2 worms
  2 dart slugs (D:3)
  51 orcs
  4 endoplasms
  2 giant cockroaches
  7 goblins
  5 hobgoblins
  7 quokkas
  3 ball pythons
  3 bats (D:2)
  5 frilled lizards
  17 kobolds
  3 rats
  A bush (Lair:5)
  A butterfly (Lair:1)
449 creatures vanquished.

Vanquished Creatures (collateral kills)
  A wyvern (D:9)
  A centaur (D:9)
  An orc (D:9)
  61 foxfires
64 creatures vanquished.

Vanquished Creatures (others)
  2 black mambas (Snake:1)
  A manticore (Lair:2)
  A naga mage (Snake:1)
  A smoke demon (Lair:6)
  2 ice devils (Lair:4)
  A yak (Lair:5)
  A naga (Snake:1)
  3 orc warriors
  2 orcs
  A bush (Lair:3)
  1906 foxfires
  51 fungi
  177 plants
2149 creatures vanquished.

Grand Total: 2662 creatures vanquished

Notes
Turn   | Place    | Note
-------+----------+-------------------------------------------
     0 | D:1      | Conn the Octopode Fire Elementalist began the quest for the
                  | Orb.
     0 | D:1      | Reached XP level 1. HP: 11/11 MP: 3/3
   186 | D:1      | Reached XP level 2. HP: 14/17 MP: 0/5
   445 | D:1      | Found a faded altar of an unknown god.
   627 | D:1      | Reached XP level 3. HP: 21/21 MP: 2/6
  1108 | D:2      | Found Nantit's Antique Weapon Shop.
  1646 | D:3      | Reached XP level 4. HP: 27/27 MP: 3/7
  1936 | D:3      | Reached skill level 1 in Slings
  2109 | D:3      | Reached XP level 5. HP: 21/32 MP: 0/8
  2630 | D:4      | Reached skill level 4 in Fire Magic
  2657 | D:4      | Gained mutation: You passively dampen the noise of your
                  | surroundings. [potion of mutation]
  2657 | D:4      | Gained mutation: You passively map a small area around you.
                  | [potion of mutation]
  2657 | D:4      | Gained mutation: Your spells are a little harder to cast,
                  | but a little more powerful. [potion of mutation]
  2657 | D:4      | Gained mutation: A frigid envelope surrounds you and
                  | freezes all who hurt you. [potion of mutation]
  3049 | D:4      | Reached XP level 6. HP: 37/37 MP: 3/10
  3115 | D:4      | Noticed Eustachio
  3199 | D:4      | Learned a level 3 spell: Conjure Flame
  3203 | D:4      | Learned a level 3 spell: Inner Flame
  3208 | D:4      | Learned a level 4 spell: Flame Wave
  3412 | D:4      | Found a runed translucent door.
  3413 | D:4      | Noticed Crazy Yiuf
  3436 | D:4      | Killed Crazy Yiuf
  3673 | D:4      | Identified the +7 dagger of Earthquakes {speed, Int-5
                  | Dex+6}
  3841 | D:5      | Entered Level 5 of the Dungeon
  4050 | D:5      | Found a shadowy altar of Dithmenos.
  4052 | D:5      | Noticed Prince Ribbit
  4068 | D:5      | Killed Prince Ribbit
  4069 | D:5      | Reached skill level 1 in Fighting
  4069 | D:5      | Reached XP level 7. HP: 30/43 MP: 6/12
  4351 | D:5      | Learned a level 2 spell: Scorch
  4467 | D:5      | Reached XP level 8. HP: 48/48 MP: 1/14
  4470 | D:5      | Reached skill level 5 in Fire Magic
  4616 | D:5      | Reached skill level 1 in Hexes
  4671 | D:5      | Reached skill level 5 in Stealth
  4671 | D:5      | Reached skill level 5 in Spellcasting
  4999 | D:6      | Reached skill level 1 in Short Blades
  5004 | D:6      | Reached skill level 5 in Conjurations
  5217 | D:6      | Reached XP level 9. HP: 54/54 MP: 12/17
  5404 | D:6      | Noticed a two-headed ogre
  5410 | D:6      | Reached skill level 6 in Fire Magic
  5555 | D:6      | Killed a two-headed ogre
  5714 | D:6      | Noticed a two-headed ogre
  5734 | D:6      | Killed a two-headed ogre
  5735 | D:6      | Reached skill level 7 in Fire Magic
  6131 | D:6      | Reached XP level 10. HP: 51/60 MP: 15/20
  6180 | D:6      | Learned a level 3 spell: Summon Guardian Golem
  6184 | D:6      | Learned a level 3 spell: Call Canine Familiar
  6186 | D:6      | Learned a level 1 spell: Summon Small Mammal
  6271 | D:7      | Found Nomi's Antique Armour Shop.
  6298 | D:7      | Reached skill level 1 in Summonings
  6427 | D:2      | Bought a crude rapier for 216 gold pieces
  6427 | D:2      | Identified the +6 rapier "Foddirgh" {vorpal, rPois Int+4}
                  | (You bought it in a shop on level 2 of the Dungeon)
  6528 | D:7      | Found Qeeprat's Antique Weapon Boutique.
  6875 | D:7      | Found Totugo's Armour Emporium.
  6900 | D:7      | Found Luf Nita's Magic Scroll Boutique.
  6922 | D:7      | Found Laiw's Magic Scroll Shop.
  6931 | D:7      | Bought a scroll of teleportation for 45 gold pieces
  7117 | D:7      | Found a staircase to the Ecumenical Temple.
  7124 | Temple   | Entered the Ecumenical Temple
  7158 | Temple   | Became a worshipper of Sif Muna the Loreminder
  7475 | D:8      | Noticed a death yak
  7477 | D:8      | Noticed a death yak
  7481 | D:8      | Noticed a death yak
  8024 | D:8      | Found a transporter.
  8039 | D:8      | Found a transporter.
  8236 | D:8      | Found a staircase to the Lair.
  8369 | D:8      | Killed a death yak
  8370 | D:8      | Reached skill level 8 in Fire Magic
  8379 | D:8      | Killed a death yak
  8380 | D:8      | Reached skill level 1 in Invocations
  8384 | D:8      | Killed a death yak
  8643 | D:8      | Reached * piety under Sif Muna
  8948 | D:9      | Reached XP level 11. HP: 59/64 MP: 6/23
  9202 | D:9      | Noticed a two-headed ogre
  9215 | D:9      | Killed a two-headed ogre
  9403 | D:9      | Found a staircase to the Orcish Mines.
  9416 | D:9      | Reached ** piety under Sif Muna
  9443 | D:9      | Found Vaciher's Armour Shoppe.
  9856 | Orc:1    | Entered Level 1 of the Orcish Mines
  9857 | Orc:1    | Noticed an orc knight
  9858 | Orc:1    | Noticed an orc sorcerer
  9866 | D:9      | Killed an orc sorcerer
 10016 | Lair:1   | Entered Level 1 of the Lair of Beasts
 10697 | Lair:1   | Reached skill level 9 in Fire Magic
 11640 | Lair:2   | Reached *** piety under Sif Muna
 11787 | Lair:4   | Reached skill level 5 in Invocations
 11889 | Lair:4   | Reached XP level 12. HP: 72/72 MP: 16/25
 12129 | Lair:4   | Found a frozen archway.
 12153 | IceCv    | Entered an ice cave
 12433 | Lair:2   | Reached skill level 10 in Fire Magic
 12623 | Lair:2   | Reached skill level 10 in Spellcasting
 12754 | Lair:2   | Found a staircase to the Shoals.
 13252 | Lair:2   | Reached **** piety under Sif Muna
 13513 | Lair:3   | Found a staircase to the Snake Pit.
 13595 | Lair:3   | Noticed an eight-headed hydra
 13758 | Lair:3   | Killed an eight-headed hydra
 13759 | Lair:3   | Reached skill level 11 in Fire Magic
 13935 | Lair:3   | Reached XP level 13. HP: 78/78 MP: 15/27
 14437 | Lair:3   | Found a shimmering altar of Xom.
 15941 | Lair:4   | Learned a level 6 spell: Iron Shot
 15953 | Lair:5   | Noticed Urug
 15971 | Lair:5   | Killed Urug
 16329 | Lair:5   | Reached skill level 10 in Conjurations
 16336 | Lair:5   | Reached ***** piety under Sif Muna
 16379 | Lair:5   | Received a gift from Sif Muna
 16384 | Lair:5   | Got Sif Muna's Almanac of Quantum Black Arts {god gift}
 16458 | Lair:5   | Reached skill level 12 in Fire Magic
 16570 | Lair:5   | Reached skill level 1 in Earth Magic
 17221 | Lair:5   | Found a viscous altar of Jiyva.
 17222 | Lair:5   | Found a staircase to the Slime Pits.
 17234 | Lair:5   | Got the Incunabulum of Gliding Calling
 17413 | Lair:6   | Entered Level 6 of the Lair of Beasts
 18461 | Lair:6   | Reached XP level 14. HP: 82/83 MP: 16/29
 19466 | Orc:1    | Received a gift from Sif Muna
 19467 | Orc:1    | Reached skill level 13 in Fire Magic
 19474 | Orc:1    | Got Sif Muna's Compendium of the Volcano {god gift}
 20323 | Orc:2    | Entered Level 2 of the Orcish Mines
 20453 | Orc:2    | Noticed Snorg
 20468 | Orc:1    | Killed Snorg
 20673 | Orc:2    | Noticed Saint Roka
 20777 | Orc:1    | Learned a level 4 spell: Iskenderun's Mystic Blast
 21159 | Snake:1  | Entered Level 1 of the Snake Pit
 21604 | Snake:1  | Reached skill level 5 in Summonings
 21604 | Snake:1  | Reached skill level 1 in Translocations
 22378 | Snake:1  | HP: 3/126 [naga warrior (41)]
 22379 | Snake:1  | Slain by a naga warrior

Illustrated notes

Levels and vault maps discovered:
D:1:      psy_arrival_basics, layout_basic, basic_ecumenical_altar,
          chequers_serial_rivers_large_a
D:2:      layout_basic, serial_shops, nicolae_shop_crystal
D:3:      layout_loops_ring, minmay_cut_off
D:4:      layout_basic, uniq_crazy_yiuf_cottage, uniq_eustachio
D:5:      cheibrodos_barr_body, layout_rooms, lemuel_round_altar,
          hangedman_decor_lopped, uniq_prince_ribbit1
D:6:      layout_rooms, minmay_statues_item
D:7:      layout_rooms, minmay_temple_entry_junction, serial_shops,
          nicolae_shop_overgrown_old_shop, shop_scrolls, nicolae_diamond_shop,
          shop, kennysheep_mini_moat
D:8:      gammafunk_steamed_eel, layout_basic, dpeg_lair_monsters,
          kennysheep_decorative_pillar, patterned_corridor
D:9:      layout_cross, orc_david_3
Temple:   mainiacjoe_temple_archimedes_tessellation
Lair:1:   beast_lair_carwin_large_3, layout_layer_cave, lemuel_fruit_fields
Lair:2:   layout_gridlike, minmay_shoals_entry_beasts,
          infiniplex_staircase_pool, grunt_megastairs_4
Lair:3:   wad_woods_stonehenge, layout_cave_pods, guppyfry_snake_entry_island,
          special_room, serial_bayou_shore_a
Lair:4:   layout_loops_ring, portal_ice_cave_demonic_guard
Lair:5:   layout_roguey, slime_altar_1, serial_bayou, serial_bayou_lagoon_b,
          serial_bayou_shore_b, serial_bayou_pond_b, serial_bayou_ford_a,
          serial_bayou_pond_c, lemuel_fruit_fields, uniq_urug
Lair:6:   hellmonk_lair_end_abyssal_woods, layout_loops_ring,
          grunt_megastairs_5, infiniplex_staircase_pool_2
Snake:1:  layout_basic, uniq_aizul
Orc:1:    layout_caves, minmay_orc_temple_b
Orc:2:    grunt_orc_cross, layout_caves, serial_shops,
          nicolae_shop_bloodbath_and_beyond, nicolae_shop_hallway_plus,
          nicolae_square_shop, shop, uniq_snorg

Skill      XL: |  1  2  3  4  5  6  7  8  9 10 11 12 13 14 |
---------------+-------------------------------------------+-----
Stealth        | 3 4 5 6 7 |  7.4
Slings         | 1 2 |  2.9
Fire Magic     | 4 5 7 8 9 11 12 13 | 13.3
Spellcasting   | 3 4 5 7 8 9 10 11 | 11.7
Conjurations   | 2 3 4 5 6 7 8 9 10 11 | 11.3
Fighting       | 1 2 3 |  3.7
Dodging        | 3 4 |  4.6
Hexes          | 1 2 3 |  3.9
Short Blades   | 1 2 |  2.6
Summonings     | 3 4 5 |  5.1
Invocations    | 2 5 6 7 |  7.3
Earth Magic    | 3 4 |  4.4
Translocations | 1 |  1.7
Staves         | |  0.6
Evocations     | |  0.1

Action                   |  1- 3 |  4- 6 |  7- 9 | 10-12 | 13-15 || total
-------------------------+-------+-------+-------+-------+-------++-------
Melee: Dagger            |     3 |    10 |     1 |       |       ||    14
       Constrict         |     1 |     3 |     8 |    12 |    13 ||    37
       Short sword       |       |       |    18 |     5 |       ||    23
       Tentacles         |       |       |     7 |    12 |    10 ||    29
       Rapier            |       |       |       |    27 |       ||    27
       Staff             |       |       |       |    21 |    49 ||    70
 Fire: Hunting sling     |     9 |    32 |       |       |       ||    41
Throw: Dart              |       |       |       |       |     3 ||     3
 Cast: Foxfire           |    57 |    97 |   102 |   369 |   516 ||  1141
       Inner Flame       |       |     1 |     3 |    15 |    29 ||    48
       Conjure Flame     |       |     1 |     1 |     6 |     1 ||     9
       Flame Wave        |       |     1 |     6 |    48 |    48 ||   103
       Scorch            |       |       |     1 |       |    16 ||    17
       Summon Guardian G |       |       |       |    14 |    23 ||    37
       Call Canine Famil |       |       |       |     1 |    14 ||    15
       Summon Small Mamm |       |       |       |       |     7 ||     7
       Iskenderun's Myst |       |       |       |       |     2 ||     2
       Iron Shot         |       |       |       |       |     1 ||     1
Invok: Divine Exegesis   |       |       |       |       |     1 ||     1
Evoke: Wand              |       |       |       |       |     6 ||     6
  Use: Scroll            |       |     7 |     4 |     8 |     4 ||    23
       Potion            |       |     1 |       |     1 |     2 ||     4
 Stab: Sleeping          |     2 |     1 |     2 |     6 |     2 ||    13
Armor: Skin              |       |     9 |    14 |    20 |    35 ||    78
Dodge: Dodged            |    16 |    16 |    27 |   120 |   154 ||   333

Table legend: (Time is in decaauts)
 A = Elapsed time spent in this place.
 B = Non-inter-level travel time spent in this place.
 C = Inter-level travel time spent in this place.
 D = Time resting spent in this place.
 E = Time spent auto-exploring this place.
 F = Levels seen in this place.
 G = Mean time per level.
                   A        B        C        D        E       F      G
               +--------+--------+--------+--------+--------+-----+--------+
         Total |  22452 |  21559 |    893 |   1598 |  14629 |  20 | 1122.6 |
       Dungeon |  10104 |   9507 |    597 |    523 |   6323 |   9 | 1122.7 |
        Temple |     54 |     37 |     17 |      0 |     21 |   1 |   54.0 |
          Lair |   9387 |   9134 |    253 |    651 |   6712 |   6 | 1564.5 |
     Snake Pit |   1221 |   1221 |      0 |     20 |    927 |   1 | 1221.0 |
  Orcish Mines |   1679 |   1654 |     25 |    404 |    646 |   2 |  839.5 |
      Ice Cave |      3 |      3 |      0 |      0 |      0 |   1 |    3.0 |
               +--------+--------+--------+--------+--------+-----+--------+

Top non-repeatable levels by time:
  Lair:6: 1719 daAuts
  Lair:3: 1664 daAuts
     D:8: 1601 daAuts
   Orc:1: 1598 daAuts
  Lair:2: 1574 daAuts
  Lair:5: 1573 daAuts
  Lair:1: 1507 daAuts
     D:5: 1376 daAuts
  Lair:4: 1348 daAuts
     D:4: 1248 daAuts
 Snake:1: 1221 daAuts
     D:3: 1178 daAuts
     D:7: 1070 daAuts
     D:6: 1047 daAuts
     D:1: 1044 daAuts
